 Dungeon Crawl Stone Soup version 0.31-a0-1612-g4aaf141004 (webtiles) character file.

Game seed: 14763308034185591893

42 Malachi the Trooper (level 3, -1/63 HPs)
             Began as an Oni Berserker on Jan 9, 2024.
             Was a Believer of Trog.
             Slain by an orc wizard
             ... wielding a +0 dagger
              (3 damage)
             ... on level 2 of the Dungeon.
             The game lasted 00:01:05 (1077 turns).

Malachi the Trooper (Oni Berserker)                 Turns: 1077, Time: 00:01:06

Health: -1/63      AC:  3    Str: 23    XL:     3   Next: 54%
Magic:  3/3        EV: 10    Int:  8    God:    Trog [**....]
Gold:   28         SH:  0    Dex:  8    Spells: 2/2 levels left

rFire   . . .        a - +0 mace
rCold   . . .        (no shield)
rNeg    . . .        b - +0 animal skin
rPois   .            (helmet restricted)
rElec   .            (no cloak)
rCorr   .            (gloves unavailable)
SInv    .            (boots unavailable)
Will    .....        (no amulet) Stlth
                     (no ring)
HPRegen 0.30/turn    (no ring)
MPRegen 0.08/turn

%: no passive effects
@: berserking, very quick
A: large, unfitting armour, horns 1, tough skin 1, double potion healing,
drunken brawling
a: Renounce Religion, Berserk, Trog's Hand


You were on level 2 of the Dungeon.
You worshipped Trog.
Trog was pleased with you.
You visited 1 branch of the dungeon, and saw 2 of its levels.

You collected 28 gold pieces.

Inventory:

Hand Weapons
 a - a +0 mace (weapon)
Armour
 b - a +0 animal skin (worn)
Scrolls
 c - a scroll of acquirement {unknown}
 d - 4 scrolls of identify {unknown}
 e - a scroll of poison {unknown}
 g - a scroll of teleportation {unknown}
 h - a scroll of revelation {unknown}


   Skills:
 + Level 5.0 Fighting
 + Level 3.8 Maces & Flails
 - Level 2.6 Dodging


You had 2 spell levels left.
You didn't know any spells.
Your spell library was empty.

Dungeon Overview and Level Annotations

Branches:
Dungeon (2/15)

Altars:
Wu Jian


Innate Abilities, Weirdness & Mutations

You are too large for most types of armour.
You have a pair of small horns on your head.
You have tough skin. (AC +1)
You gain doubled healing and magic from potions.
Whenever you drink a healing potion, you attack all around you.


Message History

Trog accepts your kill. Something hits you. The orc closely misses you.
You thump the orc!
You kill the orc!
Trog accepts your kill. Something hits you but does no damage.
No target in view!
No target in view!
No target in view!
No target in view!
It's broken and can't be closed.
There is a broken door here.
You hear some strange, mumbled words.
Something tries to affect you, but you resist.
You start resting.
Something hits you.
You start resting.
Something hits you but does no damage.
You start resting.
Something hits you.
You sock something! Something hits you.
You barely miss something. Your headbutt misses something. Something hits you.
You closely miss something. Something hits you. x2
You closely miss something. Your headbutt misses something. Something hits you.
You barely miss something. Something hits you.
* * * LOW HITPOINT WARNING * * *
You take a swig of the potion and twirl your +0 mace.
You completely miss something.
It was a potion of magic.
Magic courses through your body. Something hits you.
* * * LOW HITPOINT WARNING * * *
You hit something. Your headbutt misses something. Something hits you.
* * * LOW HITPOINT WARNING * * *
You barely miss something. Something hits you.
* * * LOW HITPOINT WARNING * * *
A red film seems to cover your vision as you go berserk!
You feel yourself moving faster!
You feel mighty!
You hear some strange, mumbled words.
A puff of flame appears from out of thin air!
The puff of flame hits you!
* * * LOW HITPOINT WARNING * * *
You miss something. Something hits you.
You die...

......##.###
#.......'...
......##.#.#
#..).)..#
......##.#.# ##'##
.........#.# #...#
......####.# #8.8#
.........#.# #...#
######.#.#.######.##
#.#.#.....##{#
#.#.#.###..@.#
#.#.#.# ######
#.#.#.# #.#.#.#
#.#.#.# #.#.#.#
#.#.#.# #.#<#.#
#.###.#


There were no monsters in sight!

Vanquished Creatures
  3 orcs (D:2)
  3 endoplasms
  2 giant cockroaches (D:1)
  5 hobgoblins
  2 quokkas
  2 ball pythons
  4 bats
  8 goblins
  3 kobolds
  A rat (D:1)
33 creatures vanquished.

Notes
Turn   | Place    | Note
-------+----------+-------------------------------------------
     0 | D:1      | Malachi the Oni Berserker began the quest for the Orb.
     0 | D:1      | Reached XP level 1. HP: 24/24 MP: 1/1
   181 | D:1      | Reached XP level 2. HP: 19/33 MP: 2/2
   421 | D:1      | Reached ** piety under Trog
   445 | D:1      | Reached XP level 3. HP: 41/41 MP: 3/3
   831 | D:2      | Found an ornate altar of the Wu Jian Council.
   882 | D:2      | Reached skill level 5 in Fighting
  1048 | D:2      | Found the +1 Delatra's gloves {ID++}
  1076 | D:2      | HP: 2/63 [something/puff of flame (11)]
  1077 | D:2      | Slain by an orc wizard

Illustrated notes

Levels and vault maps discovered:
D:1:      lemuel_arrival_tunnels, layout_basic
D:2:      layout_basic, basic_altar, pf_guarded_unrand_delatra

Skill      XL: |  1  2  3 |
---------------+----------+-----
Fighting       | 5 |  5.0
Maces & Flails | |  3.8
Dodging        | |  2.6

Action                     || total
---------------------------++-------
  Melee: Mace              ||    86
         Headbutt          ||     8
         Punch             ||     1
 Invoke: Berserk           ||     1
    Use: Potion            ||     1
 Armour: Animal skin       ||    66
  Dodge: Dodged            ||    46

Table legend: (Time is in decaauts)
 A = Elapsed time spent in this place.
 B = Non-inter-level travel time spent in this place.
 C = Inter-level travel time spent in this place.
 D = Time resting spent in this place.
 E = Time spent auto-exploring this place.
 F = Levels seen in this place.
 G = Mean time per level.
                   A        B        C        D        E       F      G
               +--------+--------+--------+--------+--------+-----+--------+
         Total |   1096 |   1080 |     16 |      2 |    860 |   2 |  548.0 |
       Dungeon |   1096 |   1080 |     16 |      2 |    860 |   2 |  548.0 |
               +--------+--------+--------+--------+--------+-----+--------+

Top non-repeatable levels by time:
     D:1: 589 daAuts
     D:2: 506 daAuts
